 Dungeon Crawl Stone Soup version 0.29-a0-283-ga02f740833 (webtiles) character file.

Game seed: 1427715708084486209

136 bjtr the Firebug (level 4, -8/30 HPs)
             Began as a Demonspawn Fire Elementalist on Mar 13, 2022.
             Killed by nerve-wracking pain
             ... invoked by Menkaure
              (13 damage)
             ... on level 4 of the Dungeon on Mar 14, 2022.
             The game lasted 00:14:02 (4996 turns).

bjtr the Firebug (Demonspawn Fire Elementalist)     Turns: 4996, Time: 00:14:02

Health: -8/30      AC:  4    Str:  8    XL:     4   Next: 98%
Magic:  8/8        EV: 12    Int: 19    God:
Gold:   198        SH:  8    Dex: 13    Spells: 2/8 levels left

rFire   . . .      SeeInvis .   s - +0 falchion
rCold   + . .      Faith    .   (no shield)
rNeg    . . .      Spirit   .   (no body armour)
rPois   .          Reflect  .   (no helmet)
rElec   .          Harm     .   q - +0 cloak
rCorr   .          Rampage  .   (no gloves)
Will    .....                   o - +2 pair of boots
Stlth   ++........              (no amulet)
HPRegen 0.10/turn               m - ring of protection from cold
MPRegen 0.11/turn               (no ring)

@: brilliant
A: large bone plates 1, powered by death 1, condensation shield
a: no special abilities


You were on level 4 of the Dungeon.
You visited 1 branch of the dungeon, and saw 4 of its levels.

You collected 198 gold pieces.

Inventory:

Hand Weapons
 c - a +0 club
 i - a +0 dagger
 k - a +0 short sword
 s - a +0 falchion (weapon)
Missiles
 j - 157 stones
Armour
 a - a +0 robe
 e - the +5 scale mail of Card Tricks {Will+ Int+2}
   (You found it on level 4 of the Dungeon)

   Int:       It affects your intelligence (+2).
   Will:      It increases your willpower.
 o - a +2 pair of boots (worn)
 q - a +0 cloak (worn)
Jewellery
 m - a ring of protection from cold (left hand)
 t - a ring of ice
Potions
 b - a potion of magic
 d - 3 potions of mutation
 h - 2 potions of curing
 l - 2 potions of flight


   Skills:
 - Level 0.1 Fighting
 - Level 2.2 Dodging
 - Level 1.7 Stealth
 + Level 2.9 Spellcasting
 + Level 1.1 Conjurations
 * Level 4.3 Fire Magic


You had 2 spell levels left.
You knew the following spells:

 Your Spells              Type           Power      Damage    Failure   Level
a - Foxfire               Conj/Fire      76%        2x1d7     4%          1
b - Scorch                Fire           58%        2d8       3%          2
c - Conjure Flame         Conj/Fire      19%        6-21      14%         3

Your spell library contained the following spells:

 Spells                   Type           Power      Damage    Failure   Level
 Inner Flame              Hex/Fire       16%        N/A       19%         3
 Flame Wave               Conj/Fire      19%        2d6       43%         4


Dungeon Overview and Level Annotations

Branches:
Dungeon (4/15)
 Temple: D:4-7

Altars:
Elyvilon

Annotations:
D:4 Menkaure


Innate Abilities, Weirdness & Mutations

You are partially covered in large bone plates. (SH +4)
You regenerate a little health from kills.
A meltable shield of frost defends you. (SH +4)


Message History

An iguana comes into view.
You start removing your armour.
You continue taking off the +5 scale mail of Card Tricks {Will+ Int+2}. x4
You finish taking off the +5 scale mail of Card Tricks {Will+ Int+2}.
You start putting on your armour.
You continue putting on your +0 robe. x3
Menkaure hits you!!
Keep equipping yourself?
Uppercase [Y]es or [N]o only, please.
Keep equipping yourself? [Y]es or [N]o only, please.
Keep equipping yourself?
You stop putting on your armour.
Ouch! That really hurt!
* * * LOW HITPOINT WARNING * * *
You hear an angry hiss.
Menkaure giggles, "These cerements are ticklish..."
Menkaure gestures at you while chanting.
Pain shoots through your body!
* * * LOW HITPOINT WARNING * * *
A giant cockroach comes into view.
Menkaure points at you and mumbles some strange words.
You barely resist.
Okay, then.
Menkaure calls on the powers of darkness!
Your body is wracked with pain!
* * * LOW HITPOINT WARNING * * *
Found 6 poisoned darts.
A scorpion comes into view.
Menkaure calls on the powers of darkness!
Your body is wracked with pain!
* * * LOW HITPOINT WARNING * * *
Menkaure casts a spell.
Menkaure seems to speed up.
Found 16 stones.
You aren't carrying any scrolls.
It was a potion of brilliance.
You feel clever all of a sudden.
Menkaure gestures at you while chanting.
Pain shoots through your body!
You die...

###..###..#
####.#
#....#...##
#.....
#.#.(.#...M###
#.....
s...s###.#.##
#.....
..#.#...s..#
#.....
......##M###
#..... .....
#.# #.....
.... #.#
#..... .# #@#
#..... #...#
#..).. ....###
###### ###..
#. .( .. ...


You could see Menkaure (fast) and a scorpion.

Vanquished Creatures
  An orc priest (D:3)
  2 adders
  4 worms
  2 dart slugs (D:1)
  2 orcs (D:3)
  6 ball pythons
  7 bats
  3 endoplasms (D:1)
  2 giant cockroaches
  5 goblins
  9 hobgoblins
  5 jackals
  A quokka (D:2)
  11 kobolds
  5 rats
65 creatures vanquished.

Vanquished Creatures (others)
  115 foxfires
  11 plants (D:3)
  4 withered plants (D:2)
130 creatures vanquished.

Grand Total: 195 creatures vanquished

Notes
Turn   | Place    | Note
-------+----------+-------------------------------------------
     0 | D:1      | bjtr the Demonspawn Fire Elementalist began the quest for
                  | the Orb.
     0 | D:1      | Reached XP level 1. HP: 13/13 MP: 3/3
    72 | D:1      | Reached skill level 3 in Fire Magic
   106 | D:1      | Gained mutation: You are partially covered in large bone
                  | plates. (SH +4) [demonic ancestry]
   106 | D:1      | Reached XP level 2. HP: 19/19 MP: 0/5
   109 | D:1      | Learned a level 2 spell: Scorch
  1805 | D:1      | Gained mutation: You regenerate a little health from kills.
                  | [demonic ancestry]
  1805 | D:1      | Reached XP level 3. HP: 24/24 MP: 2/6
  3024 | D:2      | Found a faded altar of an unknown god.
  3124 | D:2      | Reached skill level 4 in Fire Magic
  3337 | D:2      | Gained mutation: A meltable shield of frost defends you.
                  | (SH +4) [demonic ancestry]
  3337 | D:2      | Reached XP level 4. HP: 30/30 MP: 0/7
  4938 | D:4      | Identified the +5 scale mail of Card Tricks {Will+ Int+2}
  4944 | D:4      | Learned a level 3 spell: Conjure Flame
  4965 | D:4      | Noticed Menkaure
  4988 | D:4      | Noticed a scorpion
  4996 | D:4      | Killed from afar by Menkaure

Illustrated notes

Levels and vault maps discovered:
D:1:      tarquinn_simple_flora_water_f, layout_basic
D:2:      layout_loops_corners, ebering_ecumenical_altar_petrified
D:3:      layout_loops_corners, nicolae_elyvilon_temple_path
D:4:      layout_rooms, grunt_temple_overflow_opulence,
          nicolae_sif_muna_condensation, kiku_gazebo_garden_becter,
          uniq_menkaure

Skill      XL: |  1  2  3  4 |
---------------+-------------+-----
Fire Magic     | 3 4 |  4.3
Dodging        | 2 |  2.2
Fighting       | |  0.1
Stealth        | |  1.7
Spellcasting   | |  2.9
Conjurations   | |  1.1

Action                   |  1- 3 |  4- 6 || total
-------------------------+-------+-------++-------
Melee: Short sword       |    12 |       ||    12
       Falchion          |       |    36 ||    36
 Cast: Foxfire           |    57 |    11 ||    68
       Scorch            |    20 |    17 ||    37
  Use: Scroll            |       |     9 ||     9
       Potion            |       |     1 ||     1
Armor: Robe              |    13 |     9 ||    22
Dodge: Dodged            |    20 |    14 ||    34
Block: Other             |     2 |    15 ||    17

Table legend: (Time is in decaauts)
 A = Elapsed time spent in this place.
 B = Non-inter-level travel time spent in this place.
 C = Inter-level travel time spent in this place.
 D = Time resting spent in this place.
 E = Time spent auto-exploring this place.
 F = Levels seen in this place.
 G = Mean time per level.
                   A        B        C        D        E       F      G
               +--------+--------+--------+--------+--------+-----+--------+
         Total |   5006 |   4939 |     67 |   1233 |   3124 |   4 | 1251.5 |
       Dungeon |   5006 |   4939 |     67 |   1233 |   3124 |   4 | 1251.5 |
               +--------+--------+--------+--------+--------+-----+--------+

Top non-repeatable levels by time:
     D:1: 2018 daAuts
     D:2: 1502 daAuts
     D:3: 1302 daAuts
     D:4: 184 daAuts
